 Dungeon Crawl Stone Soup version 0.15-a0-2227-g1e78800 (webtiles) character file.

100 Charly the Insei (level 4, -9/32 HPs)
             Began as a Merfolk Transmuter on July 24, 2014.
             Killed by divine providence
             ... invoked by an orc priest
              (12 damage)
             ... on Level 4 of the Dungeon.
             The game lasted 00:11:38 (985 turns).

Charly the Insei (Merfolk Transmuter)                Turns: 985, Time: 00:11:43

HP  -9/32        AC  2     Str 10      XL: 4   Next: 74%
MP   5/7         EV 21     Int 13      God:
Gold 10          SH  0     Dex 19      Spells:  3 memorised,  1 level left

rFire  . . .     SeeInvis .       - Unarmed
rCold  . . .     Clarity  .     c - melded +0 robe
rNeg   . . .     rCorr    .     (shield currently unavailable)
rPois  x         rRot     .     (helmet currently unavailable)
rElec  .         Spirit   .     (cloak currently unavailable)
SustAb +         Warding  .     (gloves currently unavailable)
rMut   .         Stasis   .     (boots currently unavailable)
Gourm  .                        (no amulet)
MR     +....                    l - ring of sustain abilities
                                h - ring of protection from magic

@: spider-form (expiring), somewhat resistant to hostile enchantments,
unstealthy
A: (change form in water), (swift swim)
a: End Transformation


You were on level 4 of the Dungeon.
You were not hungry.
You were in spider-form.
You visited 1 branch of the dungeon, and saw 4 of its levels.

You collected 10 gold pieces.

Inventory:

Hand weapons
 o - a +0 war axe
Missiles
 b - 5 arrows
Armour
 c - a +0 robe (melded)
Comestibles
 a - 3 bread rations
 g - a slice of pizza
Jewellery
 h - a ring of protection from magic (left front leg)
 l - a ring of sustain abilities (right front leg)
Potions
 f - a potion of heal wounds {unknown}
 i - a potion of restore abilities {unknown}
 j - a potion of agility {unknown}
 k - a potion of curing {unknown}
 m - a potion of brilliance {unknown}
Books
 d - a book of Changes

   Spells                             Type                      Level
   *Beastly Appendage                 Transmutation                1
   *Sticks to Snakes                  Transmutation                2
   *Spider Form                       Transmutation/Poison         3
   Ice Form                           Ice/Transmutation            4
   Blade Hands                        Transmutation                5


   Skills:
 - Level 1.1 Fighting
 - Level 2.6 Dodging
 + Level 4.7 Unarmed Combat
 - Level 2.0 Spellcasting
 + Level 4.2 Transmutations
 * Level 1.4 Poison Magic


You had one spell level left.
You knew the following spells:

 Your Spells              Type           Power        Failure   Level  Hunger
b - Beastly Appendage     Trmt           ##....       17%         1    ##.....
s - Sticks to Snakes      Trmt           ##........   24%         2    ###....
S - Spider Form           Trmt/Pois      #.........   50%         3    ####...


Dungeon Overview and Level Annotations

Branches:
Dungeon (4/15)
 Temple: D:4-7

Altars:


Message History

Casting: Beastly Appendage
Confirm with . or Enter, or press ? or * to list all spells.
You turn into a venomous arachnid creature.
Your +0 robe melds into your body.
Your transformation is almost over.
The orc hits you with a short sword.
You bite the orc!
You kill the orc!
Things that are here:
a short sword; a scale mail You closely miss the orc priest.
An orc priest comes into view.
You bite the orc priest!
The orc priest is poisoned.
The orc priest is heavily wounded.
The orc priest mumbles some strange prayers to Beogh against you.
Something smites you!
* * * LOW HITPOINT WARNING * * *
The orc priest invokes the aid of Beogh against you.
Something smites you!
You die...

...#'#####.....................##
...#.#####..#...................
...................# ##..##.####
............#+##...# #.. #.
..##.#####.....#...# # . #.
..##)#####.....#...#.### #.
..##...........#........ .
...........>.............
..##.#......)...s#.#.###
.....###########o# ..##.# ....
..##.# .#.#.# .o##.. ......#
.....# .. #.. # #.# . ... #.o.
... . ##.. .


You could see 2 orc priests.

Vanquished Creatures
  An iguana (D:4)
  An orc wizard (D:4)
  An adder (D:4)
  An orc (D:4)
  A giant cockroach (D:2)
  2 goblins
  4 hobgoblins
  3 jackals
  7 bats
  A giant gecko skeleton (D:4)
  A giant newt (D:2)
  3 kobolds (D:1)
  A kobold skeleton (D:4)
  4 rats
  A rat skeleton (D:4)
32 creatures vanquished.

Vanquished Creatures (collateral kills)
  2 adders
2 creatures vanquished.

Grand Total: 34 creatures vanquished

Notes
Turn   | Place    | Note
--------------------------------------------------------------
     0 | D:1      | Charly, the Merfolk Transmuter, began the quest for the Orb.
     0 | D:1      | Reached XP level 1. HP: 15/15 MP: 3/3
   121 | D:1      | Reached XP level 2. HP: 15/21 MP: 2/4
   125 | D:1      | Learned a level 2 spell: Sticks to Snakes
   384 | D:2      | Reached skill level 4 in Unarmed Combat
   428 | D:2      | Reached XP level 3. HP: 14/26 MP: 0/6
   447 | D:2      | Learned a level 3 spell: Spider Form
   808 | D:4      | Reached skill level 1 in Poison Magic
   808 | D:4      | Reached XP level 4. HP: 32/32 MP: 0/7
   985 | D:4      | Killed from afar by an orc priest

Action                   |  1- 3 |  4- 6 || total
-------------------------+-------+-------++-------
Melee: Unarmed           |    77 |    18 ||    95
 Cast: Beastly Appendage |    18 |     1 ||    19
       Sticks to Snakes  |     7 |       ||     7
       Spider Form       |     1 |     3 ||     4
 Abil: End Transformatio |       |     2 ||     2
  Use: Scroll            |     3 |       ||     3
  Eat: Chunk             |       |     2 ||     2
